 Dungeon Crawl Stone Soup version 0.28-a0-984-g3775c662fe (webtiles) character file.

Game seed: 17101384490404476911

86 fragbeetle the Grasshopper (level 4, 0/38 HPs)
             Began as a Gnoll Warper on Dec 3, 2021.
             Slain by a gnoll (1 damage)
             ... on level 2 of the Dungeon.
             The game lasted 00:06:50 (2027 turns).

fragbeetle the Grasshopper (Gnoll Warper)           Turns: 2027, Time: 00:06:50

Health: 0/38       AC:  4    Str: 12    XL:     4   Next: 49%
Magic:  11/11      EV: 13    Int: 12    God:
Gold:   133        SH:  0    Dex: 12    Spells: 7/13 levels left

rFire   . . .      SeeInvis .   j - +0 flail
rCold   . . .      Faith    .   (no shield)
rNeg    . . .      Spirit   .   b - +0 leather armour
rPois   .          Reflect  .   (no helmet)
rElec   .          Harm     .   (no cloak)
rCorr   .          Rampage  .   (no gloves)
Will    .....                   k - +0 pair of boots
Stlth   +.........              (no amulet)
HPRegen 0.12/turn               (no ring)
MPRegen 0.12/turn               (no ring)

@: no status effects
A: fangs 1, strong nose, distributed training
a: no special abilities


You were on level 2 of the Dungeon.
You visited 1 branch of the dungeon, and saw 2 of its levels.

You collected 133 gold pieces.

Inventory:

Hand Weapons
 a - a +0 mace
 j - a +0 flail (weapon)
Missiles
 d - 5 boomerangs of dispersal (quivered)
Armour
 b - a +0 leather armour (worn)
 k - a +0 pair of boots (worn)
Scrolls
 c - a scroll of blinking
 e - 3 scrolls of identify {unknown}
 g - a scroll of enchant armour {unknown}
 h - 2 scrolls of teleportation {unknown}
 i - a scroll of amnesia {unknown}
Potions
 f - 2 potions of curing {unknown}
 l - a potion of mutation {unknown}


   Skills:
 + Level 4.6 Fighting
 + Level 1.1 Short Blades
 + Level 1.1 Long Blades
 + Level 1.1 Axes
 + Level 4.6 Maces & Flails
 + Level 1.1 Polearms
 + Level 1.1 Staves
 + Level 1.1 Slings
 + Level 1.1 Bows
 + Level 1.1 Crossbows
 + Level 2.7 Throwing
 + Level 2.7 Armour
 + Level 4.6 Dodging
 + Level 1.1 Stealth
 + Level 1.1 Shields
 + Level 1.1 Unarmed Combat
 + Level 5.1 Spellcasting
 + Level 0.9 Conjurations
 + Level 0.9 Hexes
 + Level 0.9 Summonings
 + Level 0.9 Necromancy
 + Level 5.4 Translocations
 + Level 0.9 Transmutations
 + Level 0.9 Fire Magic
 + Level 0.9 Ice Magic
 + Level 0.9 Air Magic
 + Level 0.9 Earth Magic
 + Level 0.9 Poison Magic
 + Level 1.2 Invocations
 + Level 1.1 Evocations


You had 7 spell levels left.
You knew the following spells:

 Your Spells              Type           Power      Damage    Failure   Level
a - Blink                 Tloc           32%        N/A       4%          2
b - Gell's Gravitas       Tloc           16%        N/A       8%          3
c - Slow                  Hex            20%        N/A       17%         1

Your spell library contained the following spells:

 Spells                   Type           Power      Damage    Failure   Level
 Lesser Beckoning         Tloc           16%        N/A       8%          3
 Teleport Other           Tloc           16%        N/A       8%          3
 Confusing Touch          Hex            5%         N/A       45%         3
 Vampiric Draining        Necr           5%         2d6       45%         3
 Manifold Assault         Tloc           16%        N/A       58%         5


Dungeon Overview and Level Annotations

Branches:
Dungeon (2/15)

Altars:

Shops:
D:1 [**


Innate Abilities, Weirdness & Mutations

You have very sharp teeth.
Your uncanny sense of smell can sniff out nearby items.
Your experience applies equally to all skills.


Message History

Aiming: Slow (safe; 17% risk of failure)
Press: ? - help, Shift-Dir - straight line, f - gnoll
Aim: a gnoll, wielding a +2 spear of flaming and quivering stones (chance to affect: 48%)
The gnoll seems to slow down.
The gnoll throws a stone.
The stone barely misses you.
A ball python comes into view.
The gnoll throws a stone.
The stone misses you.
The gnoll hits you from afar with a +2 spear of flaming.
The gnoll burns you.
The ball python hisses angrily.
The gnoll is no longer moving slowly.
There is an open door here.
You sock the ball python!
You kill the ball python!
You closely miss the ball python. Your bite misses the ball python.
The ball python closely misses you. The ball python barely misses you.
The gnoll hits you from afar with a +2 spear of flaming.
The gnoll burns you.
You sock the ball python!
You kill the ball python!
The gnoll hits you from afar with a +2 spear of flaming.
The gnoll burns you.
The gnoll hits you with a +2 spear of flaming.
The gnoll burns you.
Things that are here:
a ball python corpse; a ball python corpse You hit the gnoll.
The gnoll is moderately wounded.
The gnoll hits you with a +2 spear of flaming.
The gnoll burns you.
You barely miss the gnoll.
The gnoll is moderately wounded.
The gnoll hits you with a +2 spear of flaming.
* * * LOW HITPOINT WARNING * * *
The gnoll burns you.
* * * LOW HITPOINT WARNING * * *
The gnoll hits you with a +2 spear of flaming.
* * * LOW HITPOINT WARNING * * *
The gnoll burns you.
You die...

#########
........
###.....###
..'........
#.....#.#
#.....#.#
#.....#.# ..
#...g.#.# ..
#....S#@# ∆
..
#.....#g##
.#
#........# ∆
# .#
##........#
#. .#
...........#
##..##.#
########...#
#..g.<.#
####...#
.....###.#
#...
#......# ###
... ...
#......#
..##


You could see a gnoll.

Vanquished Creatures
  2 gnolls
  An adder (D:2)
  3 dart slugs (D:1)
  3 endoplasms
  2 giant cockroaches
  13 goblins
  3 hobgoblins
  7 kobolds
  A quokka (D:1)
  5 ball pythons
  3 bats
  A frilled lizard (D:1)
  4 rats
48 creatures vanquished.

Notes
Turn   | Place    | Note
-------+----------+-------------------------------------------
     0 | D:1      | fragbeetle the Gnoll Warper began the quest for the Orb.
     0 | D:1      | Reached XP level 1. HP: 20/20 MP: 6/6
    78 | D:1      | Found Ugiatom's General Store.
    95 | D:1      | Reached XP level 2. HP: 18/26 MP: 7/7
   322 | D:1      | Learned a level 2 spell: Blink
   778 | D:1      | Found Sogaagat's Antique Armour Shop.
   820 | D:1      | Reached XP level 3. HP: 30/31 MP: 7/9
   834 | D:1      | Reached skill level 5 in Spellcasting
   996 | D:1      | Found Fuboph's Assorted Antiques.
  1491 | D:2      | Reached skill level 1 in Invocations
  1799 | D:1      | Reached skill level 1 in Short Blades
  1799 | D:1      | Reached skill level 1 in Long Blades
  1799 | D:1      | Reached skill level 1 in Axes
  1799 | D:1      | Reached skill level 1 in Polearms
  1799 | D:1      | Reached skill level 1 in Staves
  1799 | D:1      | Reached skill level 1 in Slings
  1799 | D:1      | Reached skill level 1 in Bows
  1799 | D:1      | Reached skill level 1 in Crossbows
  1799 | D:1      | Reached skill level 1 in Stealth
  1799 | D:1      | Reached skill level 1 in Shields
  1799 | D:1      | Reached skill level 1 in Unarmed Combat
  1799 | D:1      | Reached skill level 1 in Evocations
  1804 | D:1      | Learned a level 3 spell: Gell's Gravitas
  1806 | D:1      | Learned a level 1 spell: Slow
  1896 | D:2      | Reached XP level 4. HP: 38/38 MP: 11/11
  2027 | D:2      | HP: 1/38 [gnoll (2)]
  2027 | D:2      | Slain by a gnoll

Illustrated notes

Levels and vault maps discovered:
D:1:      mrwooster_arrival_statue, layout_loops_corners, serial_shops,
          nicolae_diamond_shop, nicolae_shop_behind_doors, shop,
          grunt_decor_resistance, grunt_decor_fettered,
          chequers_serial_rivers_marsh, serial_bayou_crossing
D:2:      cheibrodos_greedy_goblins, layout_basic, uniq_jessica

Skill      XL: |  1  2  3 |
---------------+----------+-----
Spellcasting   | 5 |  5.1
Invocations    | 1 |  1.2
Short Blades   | 1 |  1.1
Long Blades    | 1 |  1.1
Axes           | 1 |  1.1
Polearms       | 1 |  1.1
Staves         | 1 |  1.1
Slings         | 1 |  1.1
Bows           | 1 |  1.1
Crossbows      | 1 |  1.1
Stealth        | 1 |  1.1
Shields        | 1 |  1.1
Unarmed Combat | 1 |  1.1
Evocations     | 1 |  1.1
Fighting       | |  4.6
Maces & Flails | |  4.6
Throwing       | |  2.7
Armour         | |  2.7
Dodging        | |  4.6
Conjurations   | |  0.9
Hexes          | |  0.9
Summonings     | |  0.9
Necromancy     | |  0.9
Translocations | |  5.4
Transmutations | |  0.9
Fire Magic     | |  0.9
Ice Magic      | |  0.9
Air Magic      | |  0.9
Earth Magic    | |  0.9
Poison Magic   | |  0.9

Action                   |  1- 3 |  4- 6 || total
-------------------------+-------+-------++-------
Melee: Mace              |    90 |       ||    90
       Bite              |     6 |     2 ||     8
       Flail             |    18 |    28 ||    46
 Cast: Blink             |     5 |       ||     5
       Slow              |     2 |     1 ||     3
       Gell's Gravitas   |       |     3 ||     3
Armor: Leather armour    |    24 |     4 ||    28
Dodge: Dodged            |    79 |    18 ||    97

Table legend: (Time is in decaauts)
 A = Elapsed time spent in this place.
 B = Non-inter-level travel time spent in this place.
 C = Inter-level travel time spent in this place.
 D = Time resting spent in this place.
 E = Time spent auto-exploring this place.
 F = Levels seen in this place.
 G = Mean time per level.
                   A        B        C        D        E       F      G
               +--------+--------+--------+--------+--------+-----+--------+
         Total |   2061 |   2061 |      0 |    160 |   1066 |   2 | 1030.5 |
       Dungeon |   2061 |   2061 |      0 |    160 |   1066 |   2 | 1030.5 |
               +--------+--------+--------+--------+--------+-----+--------+

Top non-repeatable levels by time:
     D:1: 1629 daAuts
     D:2: 432 daAuts
